 BcadrenCrawl: Boulder Brew version 0.03.3.1 (webtiles) character file.

Game seed: 9496518887088093058, levelgen mode: deterministic

124799 esc the Opulent (level 16, -14/126 HPs) Gnoll Noble. Began on Mar 12, 2021. Was an Initiate of Gozag Ym Sagoz. Demolished by a spriggan rider ... wielding a cursed +1 spear of piercing {(Curse: Fragile)} (32 damage) ... on level 4 of the Swamp. The game lasted 00:49:42 (15290 turns).

esc the Opulent (Gnoll Noble)                      Turns: 15290, Time: 00:49:42

Health: -14/126    AC: 14    Str: 13    XL:     16 ^: 3038
Magic:  31/31      EV: 29    Int: 11    God:    Gozag Ym Sagoz
Gold:   5386       SH:  0    Dex: 26    Spells: 37/37 levels left

rFire    . . .     Vision   +   c - +7 longbow (molten)
rCold    + . .     Gourm    .   (also wielding the above weapon)
rNeg     + + .     Faith    .   S - +2 robe of Vines {NoPotionHeal Regen+7}
rPois    +         Spirit   .   d - +0 hat {+Vis}
rElec    +         Reflect  .   s - +2 ratskin cloak {+Rats rPois rN+ Str-1 Int-1 Dex+1}
rCorr    .         Harm     .   g - +0 pair of gloves {archery}
MR       ++...                  J - +1 pair of boots {rC+}
Stlth    +++.......             V - amulet "Rolaham" {rElec rN+ MR+ Regen+}
HPRegen  3.72/turn              m - ring of evasion
MPRegen  0.41/turn              T - ring of slaying

@: about to teleport, very slow
A: distributed training, fangs 1, molten scales 1, wild magic 1, sturdy frame 1,
strong nose
a: Potion Petition, Call Merchant, Bribe Branch, Renounce Religion, Evoke
Ratskin


You were on level 4 of the Swamp.
You worshipped Gozag Ym Sagoz.
Gozag Ym Sagoz was greatly pleased with you.
You were not hungry.

You visited 4 branches of the dungeon, and saw 17 of its levels.
You also visited: Ice Cave and Market.

You collected 10355 gold pieces.
You spent 3684 gold pieces at shops.
You paid 2285 gold pieces to Gozag.

Inventory:

Weapons
 c - a +7 longbow of molten steel (weapon)
Armour
 d - a +0 hat of improved vision (worn)
 g - a +0 pair of gloves of archery (worn)
 s - the +2 ratskin cloak (worn) {+Rats rPois rN+ Str-1 Int-1 Dex+1}
   (You found it on level 2 of the Dungeon)

   It affects your strength (-1).
   It affects your intelligence (-1).
   It affects your dexterity (+1).
   It protects you from poison.
   It protects you from negative energy.
 J - a +1 pair of boots of cold resistance (worn)
 S - the +2 robe of Vines (worn) {NoPotionHeal Regen+7}
   (You bought it in a shop on level 3 of the Lair of Beasts)

   It increases your rate of regeneration.
Jewellery
 a - a cursed ring of the Octopus King {Wiz AC+1 EV+1 Str+1 Int+1 Dex+1, (Curse: *Corrode rF-)}
   (You took it off a guardian mummy on level 1 of the Lair of Beasts)

   [ring of wizardry]

   It improves your spell success rate.
   It affects your AC (+1).
   It affects your evasion (+1).
   It affects your strength (+1).
   It affects your intelligence (+1).
   It affects your dexterity (+1).
   It has a curse placed upon it.
   { (Curse: *Corrode rF-)}
 m - a ring of evasion (left hand)
 T - a ring of slaying (right hand)
 V - the amulet "Rolaham" (around neck) {rElec rN+ MR+ Regen+}
   (You found it on level 6 of the Lair of Beasts)

   [amulet of regeneration]

   It insulates you from electricity.
   It protects you from negative energy.
   It affects your resistance to hostile enchantments.
   It increases your rate of regeneration.
Wands
 f - a wand of acid (18)
 l - a wand of scattershot (6)
 x - a wand of polymorph (1)
 A - a wand of hasting (1)
 B - a wand of enslavement (6)
 D - a wand of flame (28)
 G - a wand of iceblast (3)
 H - a wand of random effects (2)
 U - a wand of clouds (4)
 X - a wand of ensnaring (7)
Scrolls
 j - 2 scrolls of summoning
 r - 2 scrolls of teleportation
 F - a scroll of silence
 K - 2 scrolls of fear
 L - 2 scrolls of holy word
 Q - 3 scrolls of bless item
Potions
 e - a potion of cancellation
 h - 12 potions of heal wounds
 k - 2 potions of berserk rage
 o - 3 potions of might
 q - 2 potions of cure mutation
 u - 7 potions of curing
 w - 8 potions of haste
 E - 3 potions of resistance
 M - 4 potions of mutation
 N - a potion of magic
 Y - a potion of invisibility
 Z - a potion of ambrosia
Comestibles
 b - 23 rations


   Skills:
 + Level 11.4 Fighting
 + Level 11.1 Short Blades
 + Level 11.1 Long Blades
 + Level 11.1 Axes & Hammers
 + Level 11.1 Whips & Flails
 + Level 11.1 Polearms
 + Level 11.1 Maces & Staves
 + Level 11.1 Slings
 + Level 11.1 Bows
 + Level 11.1 Crossbows
   Level 0.0 Throwing
 + Level 11.1 Armour
 + Level 11.1 Dodging
 + Level 11.4 Stealth
 + Level 11.1 Shields
 + Level 11.1 Unarmed Combat
 + Level 11.4 Spellcasting
 + Level 9.5 Hexes
 + Level 9.5 Charms
 + Level 9.5 Summonings
 + Level 9.5 Necromancy
 + Level 9.5 Translocations
 + Level 9.5 Transmutations
 + Level 9.5 Fire Magic
 + Level 9.5 Ice Magic
 + Level 9.5 Air Magic
 + Level 9.5 Earth Magic
 + Level 9.5 Poison Magic
 + Level 12.0 Invocations
 + Level 11.1 Evocations


You had 37 spell levels left.
You didn't know any spells.
Your spell library contained the following spells:

 Spells                   Type           Power        Failure   Level  Hunger
 Summon Small Mammal      Summ           25 (25)      1%          1    None
 Call Imp                 Summ           35 (100)     1%          2    None
 Call Canine Familiar     Summ           35 (100)     1%          3    ##.....
 Recall                   Summ/Tloc      N/A          1%          3    ##.....
 Animate Dead             Necr           N/A          4%          4    ####...
 Summon Ice Beast         Ice/Summ       35 (100)     4%          4    ####...
 Bolt of Magma            Fire/Erth      35 (200)     10%         5    #####..
 Iskenderun's Battlesphe  Chrm/Erth      35 (100)     10%         5    #####..
 Summon Lightning Spire   Summ/Air       35 (100)     10%         5    #####..
 Borgnjor's Vile Clutch   Necr/Erth      35 (200)     43%         6    #######
 Cigotuvi's Degeneration  Tmut/Necr      35 (200)     43%         6    #######
 Death Channel            Chrm/Necr      35 (200)     43%         6    #######
 Iron Shot                Erth           35 (200)     43%         6    #######
 Simulacrum               Ice/Necr       35 (200)     43%         6    #######
 Iskenderun's Icy Sphere  Ice            35 (200)     92%         7    #######
 Spellforged Servitor     Summ           35 (200)     92%         7    #######


Dungeon Overview and Level Annotations

Branches:
Dungeon (6/8)              Temple (1/1) D:4            Lair (6/6) D:5
  Swamp (4/4) Lair:4       Spider (0/4) Lair:3        Slime (0/5) Lair:5
  IceCv (visited)
    Orc: D:6

Altars:
Ashenzari
Cheibriados
Dithmenos
Elyvilon
Fedhas Madash
Gozag Ym Sagoz
Hepliaklqana
Kikubaaqudgha
Makhleb
Nemelex Xobeh
Okawaru
Qazlal
Ru
Sif Muna
Uskayaw
Vehumet
Wu Jian
Xom
Yredelemnul
Zin
The Shining One
Jiyva

Shops:
D:4 %(?(   Lair:1 [   Lair:3 [

Annotations:
Swamp:2 2 transporters, Silenth's ghost, adept KoHu


Innate Abilities, Weirdness & Mutations

Your experience applies equally to all skills.
You have very sharp teeth.
Your uncanny sense of smell can sniff out nearby items.
You are partially covered in molten scales. (AC +2)
Your spells are a little harder to cast, but a little more powerful.
Your movements are slightly less encumbered by armour. (ER -2)


Message History

The spectral alligator snapping turtle fades away!
The spriggan rider is engulfed in spectral mist (3).
The spriggan rider is engulfed in spectral mist (5).
The spriggan rider hits you with a cursed +1 spear of piercing {(Curse: Fragile)} (20)!!
The spriggan rider misses you (0).
The ghost crab breathes a wave of spectral mist around you.
The spectral mist engulfs the spriggan rider but does no damage (0).
The spriggan rider is engulfed in spectral mist (10)!
The spriggan rider hits you with a cursed +1 spear of piercing {(Curse: Fragile)} (3).
* * * LOW HITPOINT WARNING * * *
x2 The spriggan rider misses you (0).
The bog body completely misses you (0). The bog body closely misses you (0).
You are engulfed in spectral mist (23)!!
* * * LOW HITPOINT WARNING * * *
The spriggan rider is engulfed in spectral mist (8)!
The spriggan rider is engulfed in spectral mist (4).
The spriggan rider misses you (0).
The spriggan rider hits you with a +0 nunchaku (32)!!
You die...
Your body crumbles into a pile of gold.

♣♣♣♣♣♣♣♣♣♣♣ ♣♣♣ ♣♣♣♣♣♣≈.♣♣♣♣
♣♣♣♣♣♣♣♣♣♣♣≈..≈..≈♣♣
;<...♣♣♣♣♣≈.≈.≈.≈≈♣♣♣♣♣
♣.♣≈.≈..♣♣≈.≈≈§.≈≈.♣♣♣♣♣♣
♣♣≈♣♣$≈≈≈♣♣§☼≈≈≈.§♣♣♣..♣♣♣♣♣
♣♣≈≈≈≈♣≈≈≈§.○§≈☼Z≈.≈♣|≈.≈♣♣♣♣
♣≈≈≈≈;♣≈≈≈≈.§§n§§t.≈♣.≈≈.☼☼♣♣
≈≈≈;≈♣≈≈≈≈☼@i§§○D.y≈.°≈°☼§♣♣ ..≈.
♣≈;≈♣§≈≈.○§♣♣♣§♣♣♣y.○☼$Z≈≈♣
≈≈.≈♣♣♣♣≈♣♣.≈§$§.♣♣♣♣♣♣§°☼♣♣♣ti.§
....♣♣♣♣♣♣...♣♣≈≈♣♣♣♣♣..♣♣♣♣♣○≈$$
...≈≈♣≈♣♣..♣♣♣♣..≈♣♣♣≈.♣♣♣♣♣ °≈≈$
..≈≈≈≈.≈≈≈†..♣♣.§.♣♣♣♣♣♣ .≈.$
..≈≈≈§§§≈≈;.≈♣♣.≈.♣♣♣♣♣ ≈≈≈
♣♣≈≈...≈.≈≈≈≈♣♣≈≈.♣♣
......≈≈.≈;.♣♣..≈≈.♣


You could see a five-headed hydra, a spriggan rider (berserk), a submerged ghost
crab, a spectral seven-headed hydra, a submerged bog body, a vampire mosquito
and a neutral submerged rainbow trout (wandering) (passive).

Vanquished Creatures
  Rupert (Lair:6)
  Circe (Swamp:2)
  3 thorn hunters (Swamp:3)
  A frost giant (IceCv)
  Nessos (Lair:5)
  A mummy priest (Lair:1)
  An emperor scorpion (Lair:5)
  Harold (D:4)
  2 boulder beetles
  A catoblepas (Lair:6)
  5 sphinx moths
  A verdant mould (Swamp:2)
  A deep troll shaman (Lair:6)
  2 ghost crabs
  11 alligators
  2 swooping magpies (Lair:6)
  Nergalle (Lair:2)
  A fire crab (Lair:5)
  A two-headed ogre (D:5)
  2 spriggan druids
  2 swamp dragons
  3 shambling mangroves
  16 hydras
  A queen ant (Lair:2)
  7 death yaks
  A torpor snail (Lair:2)
  3 oklob plants
  12 giraffes
  4 spriggans
  2 ice statues (IceCv)
  30 spiny frogs
  9 black mambas
  24 elephants
  3 rime drakes
  16 tyrant leeches
  17 polar bears
  8 bog bodies
  13 komodo dragons
  2 guardian mummies (Lair:1)
  3 jumping spiders (Lair:3)
  17 hornets
  Prince Ribbit (D:2)
  31 blink frogs
  A steam dragon (Lair:4)
  8 dream sheep
  A cyclops (D:5)
  2 hippogriffs (D:5)
  28 yaks
  3 shadows
  A hungry ghost (D:6)
  A wyvern (Lair:3)
  5 hogs (Swamp:2)
  A basilisk (D:5)
  16 slime creatures
  3 redbacks
  8 vampire mosquitoes
  15 insubstantial wisps
  19 swamp worms
  4 orc warriors
  9 water moccasins
  9 soldier ants
  3 scorpions
  5 swamp drakes
  26 porcupines
  3 sky beasts
  11 ice beasts
  27 wolves
  5 ogres
  19 crocodiles
  A rock worm zombie (D:4)
  4 big kobolds (D:2)
  21 bullfrogs
  A gnoll sergeant (D:4)
  2 meliai zombies (D:4)
  3 howler monkeys
  2 quasits (D:4)
  5 wights
  8 electric eels
  2 crimson imps (D:4)
  2 orc priests (D:4)
  6 jellies
  A hell rat (D:2)
  5 hounds
  7 iguanas
  13 orc wizards
  26 worker ants
  A wyvern skeleton (D:6)
  16 giant cockroaches
  4 bullfrog zombies (D:4)
  5 bullfrog skeletons
  11 adders
  5 gnolls (D:4)
  50 sewer rats
  4 worms
  8 cinder newts
  19 oozes
  A dart slug (D:1)
  5 leopard geckos
  18 orcs
  5 ball pythons
  11 bats
  A cinder newt skeleton (D:2)
  4 goblins (D:1)
  8 hobgoblins (D:1)
  3 jackals (D:3)
  19 kobolds
  5 quokkas
  2 kobold skeletons (D:2)
  A quokka zombie (D:5)
  20 rats
  2 fungi
  6 plants
  9 rainbow trout
  A withered plant (D:2)
851 creatures vanquished.

Vanquished Creatures (others)
  A hornet (Swamp:4)
  4 dream sheep (Lair:5)
  2 insubstantial wisps (Swamp:4)
  A giant cockroach (D:2)
  An ooze (D:2)
  4 kobolds (D:2)
  5 bushes
  15 fungi
  26 plants
  42 rainbow trout
  2 slimeheads (D:2)
  68 withered plants (D:2)
171 creatures vanquished.

Grand Total: 1022 creatures vanquished

Notes
Turn   | Place    | Note
-------+----------+-------------------------------------------
     0 | Start Ma | esc the Gnoll Noble began the quest for the Orb.
     0 | Start Ma | Reached XP level 1. HP: 17/17 MP: 4/4
     0 | Start Ma | Found Kino's Expert Tomes.
     0 | Start Ma | Found Sutran's Auxillary Armour.
     6 | Start Ma | Bought a +0 longbow for 180 gold pieces
    12 | Start Ma | Bought a +0 hat of improved vision for 220 gold pieces
    12 | Start Ma | Found Kirr's Mashing MeleeMart.
    23 | Start Ma | Bought a +0 pair of boots for 135 gold pieces
    33 | Start Ma | Bought a +0 cloak for 135 gold pieces
    44 | Start Ma | Bought a +0 pair of gloves of archery for 230 gold pieces
   106 | Start Ma | Bought a potion of heal wounds for 100 gold pieces
   114 | D:1      | esc set off with the following items: a +0 robe, a ration,
                  | a +0 longbow, a +0 hat of improved vision, a +0 pair of
                  | boots, a +0 cloak, a +0 pair of gloves of archery, a potion
                  | of heal wounds
   243 | D:1      | Reached XP level 2. HP: 23/23 MP: 5/5
   343 | D:1      | Reached XP level 3. HP: 28/28 MP: 7/7
   431 | D:1      | Reached skill level 1 in Invocations
   433 | D:1      | Reached skill level 1 in Short Blades
   433 | D:1      | Reached skill level 1 in Long Blades
   433 | D:1      | Reached skill level 1 in Axes & Hammers
   433 | D:1      | Reached skill level 1 in Whips & Flails
   433 | D:1      | Reached skill level 1 in Polearms
   433 | D:1      | Reached skill level 1 in Maces & Staves
   433 | D:1      | Reached skill level 1 in Slings
   433 | D:1      | Reached skill level 1 in Bows
   433 | D:1      | Reached skill level 1 in Crossbows
   433 | D:1      | Reached skill level 1 in Armour
   433 | D:1      | Reached skill level 1 in Dodging
   433 | D:1      | Reached skill level 1 in Shields
   433 | D:1      | Reached skill level 1 in Unarmed Combat
   433 | D:1      | Reached skill level 1 in Evocations
   484 | D:1      | Reached XP level 4. HP: 34/34 MP: 8/8
  1003 | D:1      | Reached skill level 1 in Hexes
  1003 | D:1      | Reached skill level 1 in Charms
  1003 | D:1      | Reached skill level 1 in Summonings
  1003 | D:1      | Reached skill level 1 in Necromancy
  1003 | D:1      | Reached skill level 1 in Translocations
  1003 | D:1      | Reached skill level 1 in Transmutations
  1003 | D:1      | Reached skill level 1 in Fire Magic
  1003 | D:1      | Reached skill level 1 in Ice Magic
  1003 | D:1      | Reached skill level 1 in Air Magic
  1003 | D:1      | Reached skill level 1 in Earth Magic
  1003 | D:1      | Reached skill level 1 in Poison Magic
  1016 | D:1      | Reached XP level 5. HP: 37/40 MP: 9/9
  1213 | D:1      | Reached skill level 2 in Invocations
  1213 | D:1      | Reached XP level 6. HP: 33/47 MP: 9/11
  1419 | D:2      | Reached XP level 7. HP: 49/52 MP: 12/12
  1947 | D:2      | Reached skill level 3 in Invocations
  2163 | D:2      | Reached XP level 8. HP: 60/60 MP: 14/14
  2542 | D:2      | Found the +2 ratskin cloak {+Rats rPois rN+ Str-1 Int-1
                  | Dex+1}
  2920 | D:2      | Noticed Prince Ribbit
  3380 | D:2      | Reached skill level 4 in Invocations
  3520 | D:2      | Killed Prince Ribbit
  3520 | D:2      | Reached XP level 9. HP: 24/66 MP: 16/16
  3739 | D:3      | Identified a scroll of acquirement
  3748 | D:3      | Identified the -1 vampiric pair of clawed gauntlets of Doom
                  | {vamp, Int+3 Dex+5} (You acquired it on level 3 of the
                  | Dungeon)
  3748 | D:3      | Identified the ring "Jiemec" {+Inv MR+ Str-4 Dex+5 Stlth+}
                  | (You acquired it on level 3 of the Dungeon)
  4009 | D:4      | Reached skill level 5 in Spellcasting
  4102 | D:4      | Reached skill level 5 in Fighting
  4146 | D:4      | Reached skill level 5 in Stealth
  4244 | D:4      | Reached skill level 5 in Invocations
  4268 | D:4      | Found a staircase to the Ecumenical Temple.
  4298 | Temple   | Entered the Ecumenical Temple
  4505 | Temple   | Became a worshipper of Gozag Ym Sagoz the Greedy
  4559 | D:4      | Noticed Harold
  4758 | D:4      | Killed Harold
  4758 | D:4      | Reached XP level 10. HP: 76/76 MP: 18/18
  4764 | D:4      | Reached skill level 5 in Short Blades
  4764 | D:4      | Reached skill level 5 in Long Blades
  4764 | D:4      | Reached skill level 5 in Axes & Hammers
  4764 | D:4      | Reached skill level 5 in Whips & Flails
  4764 | D:4      | Reached skill level 5 in Polearms
  4764 | D:4      | Reached skill level 5 in Maces & Staves
  4764 | D:4      | Reached skill level 5 in Slings
  4764 | D:4      | Reached skill level 5 in Bows
  4764 | D:4      | Reached skill level 5 in Crossbows
  4764 | D:4      | Reached skill level 5 in Armour
  4764 | D:4      | Reached skill level 5 in Dodging
  4764 | D:4      | Reached skill level 5 in Shields
  4764 | D:4      | Reached skill level 5 in Unarmed Combat
  4764 | D:4      | Reached skill level 5 in Evocations
  5047 | D:4      | Found Ejeextutt's Magic Scroll Shoppe.
  5048 | D:4      | Found Limp's Weapon Shoppe.
  5051 | D:4      | Bought a scroll of fear for 45 gold pieces
  5199 | D:4      | Found Teckuzyn's Antique Weapon Emporium.
  5223 | D:5      | Entered Level 5 of the Dungeon
  5301 | D:5      | Reached skill level 6 in Invocations
  5334 | D:5      | Reached XP level 11. HP: 83/83 MP: 20/20
  5385 | D:5      | Noticed a two-headed ogre
  5387 | D:5      | Killed a two-headed ogre
  5387 | D:5      | Reached skill level 5 in Hexes
  5387 | D:5      | Reached skill level 5 in Charms
  5387 | D:5      | Reached skill level 5 in Summonings
  5387 | D:5      | Reached skill level 5 in Necromancy
  5387 | D:5      | Reached skill level 5 in Translocations
  5387 | D:5      | Reached skill level 5 in Transmutations
  5387 | D:5      | Reached skill level 5 in Fire Magic
  5387 | D:5      | Reached skill level 5 in Ice Magic
  5387 | D:5      | Reached skill level 5 in Air Magic
  5387 | D:5      | Reached skill level 5 in Earth Magic
  5387 | D:5      | Reached skill level 5 in Poison Magic
  5413 | D:5      | Found a staircase to the Lair.
  5947 | D:6      | Reached skill level 7 in Invocations
  6065 | Lair:1   | Entered Level 1 of the Lair of Beasts
  6328 | Lair:1   | Bought a pair of runed boots for 165 gold pieces
  6339 | Lair:1   | Bought a glowing ring mail for 154 gold pieces
  6633 | Lair:1   | Reached XP level 12. HP: 91/91 MP: 23/23
  6727 | Lair:1   | Noticed a mummy priest
  6729 | Lair:1   | Killed a mummy priest
  6729 | Lair:1   | Found the cursed ring of the Octopus King {Wiz AC+1 EV+1
                  | Str+1 Int+1 Dex+1, (Curse: *Corrode rF-)}
  6983 | Lair:1   | Reached skill level 8 in Invocations
  7283 | Lair:2   | Noticed Nergalle
  7289 | Lair:2   | Killed Nergalle
  7559 | Lair:2   | Found a frozen archway.
  7601 | IceCv    | Entered an ice cave
  7633 | IceCv    | Reached XP level 13. HP: 98/98 MP: 25/25
  7798 | IceCv    | Noticed a frost giant
  7807 | IceCv    | Killed a frost giant
  7815 | IceCv    | Reached skill level 9 in Invocations
  8630 | Lair:2   | Gained mutation: Your movements are slightly less
                  | encumbered by armour. (ER -2) [potion of mutation]
  8631 | Lair:2   | Gained mutation: Your spells are a little harder to cast,
                  | but a little more powerful. [potion of mutation]
  9223 | Lair:3   | Found a hole to the Spider Nest.
  9639 | Lair:4   | Found a staircase to the Swamp.
  9700 | Lair:4   | Reached XP level 14. HP: 108/108 MP: 27/27
 10410 | Lair:5   | Reached skill level 10 in Invocations
 10553 | Lair:5   | Noticed Nessos
 10555 | Lair:5   | Killed Nessos
 10649 | Lair:5   | Found a staircase to the Slime Pits.
 10659 | Lair:5   | Found a viscous altar of Jiyva.
 10902 | Lair:5   | Reached skill level 10 in Spellcasting
 11033 | Lair:5   | Found a shimmering altar of Xom.
 11378 | Lair:5   | Reached skill level 10 in Fighting
 11574 | Lair:5   | Reached skill level 10 in Stealth
 11605 | Lair:5   | Reached XP level 15. HP: 115/115 MP: 29/29
 11789 | Lair:6   | Entered Level 6 of the Lair of Beasts
 12142 | Lair:6   | Identified the cursed amulet of Cidyddiq {-Vis Str+4
                  | Stlth+, (Curse: Fragile Int-5)}
 12142 | Lair:6   | Noticed Rupert
 12144 | Lair:6   | Killed Rupert
 12150 | Lair:6   | Identified Wiasm's Grimoire of Malediction and
                  | Translocation (You acquired it on level 6 of the Lair of
                  | Beasts)
 12158 | Lair:6   | Reached skill level 10 in Short Blades
 12158 | Lair:6   | Reached skill level 10 in Long Blades
 12158 | Lair:6   | Reached skill level 10 in Axes & Hammers
 12158 | Lair:6   | Reached skill level 10 in Whips & Flails
 12158 | Lair:6   | Reached skill level 10 in Polearms
 12158 | Lair:6   | Reached skill level 10 in Maces & Staves
 12158 | Lair:6   | Reached skill level 10 in Slings
 12158 | Lair:6   | Reached skill level 10 in Bows
 12158 | Lair:6   | Reached skill level 10 in Crossbows
 12158 | Lair:6   | Reached skill level 10 in Armour
 12158 | Lair:6   | Reached skill level 10 in Dodging
 12158 | Lair:6   | Reached skill level 10 in Shields
 12158 | Lair:6   | Reached skill level 10 in Unarmed Combat
 12158 | Lair:6   | Reached skill level 10 in Evocations
 12261 | Lair:3   | Bought the +2 robe of Vines {NoPotionHeal Regen+7} for 2320
                  | gold pieces
 12261 | Lair:3   | Found the +2 robe of Vines {NoPotionHeal Regen+7}
 12686 | Lair:6   | Identified the amulet "Rolaham" {rElec rN+ MR+ Regen+}
 12754 | Lair:6   | Reached skill level 11 in Invocations
 12923 | Swamp:1  | Entered Level 1 of the Swamp
 13310 | Swamp:1  | Gained mutation: You are partially covered in molten
                  | scales. (AC +2) [potion of mutation]
 13678 | Swamp:2  | Identified the +1 cloak of the Lumpy Moons {rPois rC+}
 13734 | Swamp:2  | Reached XP level 16. HP: 123/124 MP: 30/30
 13811 | Swamp:2  | Found a transporter.
 13819 | Swamp:2  | Found a transporter.
 13819 | Swamp:2  | Noticed Silenth's ghost (adept KoHu)
 14315 | Swamp:2  | Noticed Circe
 14323 | Swamp:2  | Killed Circe
 14415 | Swamp:3  | Noticed a thorn hunter
 14433 | Swamp:3  | Killed a thorn hunter
 14515 | Swamp:3  | Noticed a thorn hunter
 14518 | Swamp:3  | Killed a thorn hunter
 15142 | Swamp:4  | Entered Level 4 of the Swamp
 15154 | Swamp:3  | Reached skill level 12 in Invocations
 15290 | Swamp:4  | Demolished by a spriggan rider

Levels and vault maps discovered:
D:1:      dpeg_arrival_prison, layout_basic, serial_curves, eino_curves_01,
          eino_curves_04
D:2:      wander_guarded_unrand_ratskin, layout_sewer, sewer_frog_spiral,
          first_ration, serial_glass, glass_columns_a, glass_columns_c,
          glass_columns_b, glass_columns_b, glass_columns_a, glass_columns_b,
          glass_columns_c, glass_columns_b
D:3:      layout_rooms
D:4:      layout_roguey, minmay_temple_entry_butterflies, serial_shops, shop,
          kennysheep_little_box, shop, uniq_harold
D:5:      layout_rooms, minmay_lair_entry_grove
D:6:      layout_rooms, zombieorc2_lemuel, grunt_ogre_cave,
          ossuary_boxes_badplayer, uniq_gastronok, uniq_frances
Temple:   kilobyte_greek_temple
Lair:1:   layout_long_grid, lightli_ossuary_entry_decrepit_ruins,
          uniq_prince_ribbit2
Lair:2:   layout_roguey, portal_ice_cave_entry_ice_beasts, zaba_antful_of_joy,
          infiniplex_staircase_pool, uniq_nergalle
Lair:3:   layout_chaotic_city, nicolae_spider_entry_tight_spaces,
          infiniplex_staircase_pool_2, serial_bayou_shore_a
Lair:4:   layout_hall_layers, minmay_swamp_entry_worms, grunt_megastairs_2
Lair:5:   cheibrodos_lair_overgrown_chateau, layout_loops_ring, slime_altar_1,
          nicolae_ossuary_entry_monument, kb_xom_exploding_sheep, uniq_nessos
Lair:6:   grunt_lair_end_beastmaster, layout_concentric_octagons,
          minmay_lair_oklob_chamber, uniq_rupert
Swamp:1:  layout_falls_marsh, evilmike_swamp_ruin_house_3
Swamp:2:  layout_falls_marsh, gammafunk_ghost_mausoleum,
          evilmike_swamp_ruin_rubble_1, uniq_circe
Swamp:3:  layout_falls_marsh, hangedman_swamp_ruin_wall
Swamp:4:  grunt_swamp_rune_castle, layout_basic_swamp, swamp_pool4

Skill      XL: |  1  2  3  4  5  6  7  8  9 10 11 12 13 14 15 16 |
---------------+-------------------------------------------------+-----
Invocations    | 1 2 3 4 5 6 7 8 9 10 11 12 | 12.0
Short Blades   | 1 2 3 4 5 6 7 8 9 10 11 | 11.1
Long Blades    | 1 2 3 4 5 6 7 8 9 10 11 | 11.1
Axes & Hammers | 1 2 3 4 5 6 7 8 9 10 11 | 11.1
Whips & Flails | 1 2 3 4 5 6 7 8 9 10 11 | 11.1
Polearms       | 1 2 3 4 5 6 7 8 9 10 11 | 11.1
Maces & Staves | 1 2 3 4 5 6 7 8 9 10 11 | 11.1
Slings         | 1 2 3 4 5 6 7 8 9 10 11 | 11.1
Bows           | 1 2 3 4 5 6 7 8 9 10 11 | 11.1
Crossbows      | 1 2 3 4 5 6 7 8 9 10 11 | 11.1
Armour         | 1 2 3 4 5 6 7 8 9 10 11 | 11.1
Dodging        | 1 2 3 4 5 6 7 8 9 10 11 | 11.1
Shields        | 1 2 3 4 5 6 7 8 9 10 11 | 11.1
Unarmed Combat | 1 2 3 4 5 6 7 8 9 10 11 | 11.1
Evocations     | 1 2 3 4 5 6 7 8 9 10 11 | 11.1
Spellcasting   | 3 4 5 6 7 8 9 10 11 | 11.4
Hexes          | 1 2 3 4 5 6 7 8 9 |  9.5
Charms         | 1 2 3 4 5 6 7 8 9 |  9.5
Summonings     | 1 2 3 4 5 6 7 8 9 |  9.5
Necromancy     | 1 2 3 4 5 6 7 8 9 |  9.5
Translocations | 1 2 3 4 5 6 7 8 9 |  9.5
Transmutations | 1 2 3 4 5 6 7 8 9 |  9.5
Fire Magic     | 1 2 3 4 5 6 7 8 9 |  9.5
Ice Magic      | 1 2 3 4 5 6 7 8 9 |  9.5
Air Magic      | 1 2 3 4 5 6 7 8 9 |  9.5
Earth Magic    | 1 2 3 4 5 6 7 8 9 |  9.5
Poison Magic   | 1 2 3 4 5 6 7 8 9 |  9.5
Fighting       | 3 4 5 6 7 8 9 10 11 | 11.4
Stealth        | 3 4 5 6 7 8 9 10 11 | 11.4

Action                   |  1- 3 |  4- 6 |  7- 9 | 10-12 | 13-15 | 16-18 || total
-------------------------+-------+-------+-------+-------+-------+-------++-------
 Fire: Longbow           |    30 |   131 |   334 |   401 |   669 |   232 ||  1797
Invok: Call Merchant     |       |       |     1 |     1 |     1 |       ||     3
  Use: Scroll            |     2 |       |     3 |     4 |     8 |     5 ||    22
       Potion            |       |       |       |       |     4 |       ||     4
  Eat: Chunk             |       |     2 |     7 |       |       |       ||     9
       Ration            |       |       |     2 |     3 |     6 |       ||    11
Armor: Robe              |     4 |    39 |    45 |    22 |    23 |    40 ||   173
       Ring mail         |       |       |       |    30 |    75 |       ||   105
Dodge: Dodged            |     7 |   207 |   271 |   328 |   274 |    87 ||  1174
